 Dungeon Crawl Stone Soup version 0.30.1-4-g462c640d31 (webtiles) character file.

Game seed: 2893814986349640243

40 Heoruswealwe the Trooper (level 3, -2/31 HPs)
             Began as a Demigod Fighter on Aug 11, 2023.
             Slain by a cerulean imp
             ... wielding a +1 spear
             ... summoned by Natasha
              (6 damage)
             ... on level 2 of the Dungeon.
             The game lasted 00:07:34 (891 turns).

Heoruswealwe the Trooper (Demigod Fighter)           Turns: 891, Time: 00:07:34

Health: -2/31      AC:  6    Str: 21    XL:     3   Next: 14%
Magic:  5/5        EV:  8    Int: 10    God:
Gold:   82         SH:  8    Dex: 13    Spells: 2/2 levels left

rFire   . . .        a - +0 war axe
rCold   . . .        d - +0 kite shield
rNeg    . . .        c - +0 scale mail
rPois   .            (no helmet)
rElec   .            (no cloak)
rCorr   .            (no gloves)
SInv    .            (no boots)
Will    .....        i - amulet of the acrobat Stlth
                     (no ring)
HPRegen 0.25/turn    (no ring)
MPRegen 0.09/turn

%: acrobat
@: mighty
A: high MP 1, forlorn, divine attributes
a: no special abilities


You were on level 2 of the Dungeon.
You visited 1 branch of the dungeon, and saw 2 of its levels.

You collected 82 gold pieces.

Inventory:

Hand Weapons
 a - a +0 war axe (weapon)
Armour
 c - a +0 scale mail (worn)
 d - a +0 kite shield (worn)
Jewellery
 i - an amulet of the acrobat (around neck)
Scrolls
 f - a scroll of fear {unknown}
 g - a scroll of amnesia {unknown}
 h - 3 scrolls of noise {unknown}
 j - a scroll of enchant armour {unknown}
 l - a scroll of enchant weapon {unknown}
 m - 2 scrolls of identify {unknown}
 n - a scroll of poison {unknown}
Potions
 b - a potion of might
 e - a potion of invisibility {unknown}
 k - a potion of curing {unknown}


   Skills:
 + Level 3.1 Fighting
 + Level 2.2 Axes
 + Level 3.0 Armour
 + Level 3.1 Shields


You had 2 spell levels left.
You didn't know any spells.
Your spell library was empty.

Dungeon Overview and Level Annotations

Branches:
Dungeon (2/15)

Annotations:
D:2 Natasha


Innate Abilities, Weirdness & Mutations

You have an increased reservoir of magic. (+10% MP)
You shall have no god before yourself.
Your divine heritage dramatically boosts your attributes as you level up.


Message History

You block Natasha's attack.
The cerulean imp hits you with a +1 spear.
You hit Natasha but do no damage. You slash the cerulean imp!
Natasha claws you.
The cerulean imp hits you with a +1 spear.
You hit Natasha but do no damage. You closely miss the cerulean imp.
Natasha barely misses you. The cerulean imp barely misses you.
Natasha claws you.
You completely miss Natasha.
You hit the cerulean imp but do no damage.
The cerulean imp closely misses you. Natasha barely misses you.
You block the cerulean imp's attack.
You closely miss Natasha. You closely miss the cerulean imp.
Natasha casts a spell at you. You resist with some effort.
You block the cerulean imp's attack.
Natasha mumbles some strange words.
You barely miss Natasha. You hit the cerulean imp. You miss the cerulean imp.
The cerulean imp hits you but does no damage.
Natasha claws you.
The cerulean imp hits you but does no damage.
The cerulean imp closely misses you.
You closely miss Natasha. You slash the cerulean imp! x2
You kill the cerulean imp!
The cerulean imp disappears in a puff of smoke!
Natasha claws you.
The cerulean imp hits you but does no damage.
Natasha barely misses you. The cerulean imp completely misses you.
You barely miss Natasha. You closely miss the cerulean imp. Natasha misses you.
The cerulean imp hits you with a +1 spear.
* * * LOW HITPOINT WARNING * * *
You closely miss Natasha.
You hit the cerulean imp but do no damage.
Natasha casts a spell at you. The magic dart hits you.
* * * LOW HITPOINT WARNING * * *
The cerulean imp hits you but does no damage.
Natasha barely misses you.
You feel very mighty all of a sudden.
The cerulean imp hits you with a +1 spear.
You die...

##......... #.########
#####.## #. #......# #.
# #.###.## #.
###########.# #.## #.
............# #.># #†
.......5....###### #.
......h@.........######.
##########..#######.##..
#.# #..# #.#..# #.#
#..#######.#.## #.#
#............# #.#
#.#########..# #.# #.#
#..# #.# #.#### #..# #.#
#....# #..#


You could see Natasha and a cerulean imp (summoned).

Vanquished Creatures
  Natasha (D:2)
  A worm (D:2)
  2 endoplasms
  A giant cockroach (D:2)
  A hobgoblin (D:1)
  A quokka (D:2)
  A ball python (D:2)
  3 frilled lizards
  3 goblins
14 creatures vanquished.

Notes
Turn   | Place    | Note
-------+----------+-------------------------------------------
     0 | D:1      | Heoruswealwe the Demigod Fighter began the quest for the
                  | Orb.
     0 | D:1      | Reached XP level 1. HP: 18/18 MP: 3/3
   572 | D:2      | Reached XP level 2. HP: 19/25 MP: 4/4
   711 | D:2      | Noticed Natasha
   724 | D:2      | Killed Natasha
   725 | D:2      | Reached XP level 3. HP: 17/31 MP: 5/5
   858 | D:2      | Noticed Natasha
   891 | D:2      | Slain by a cerulean imp

Illustrated notes

Levels and vault maps discovered:
D:1:      psy_arrival_statuary, layout_basic
D:2:      cheibrodos_fertilizer, layout_loops_ring, serial_co_window_serial,
          co_window_paths_b, co_window_corner_a, co_window_of_opportunity_a,
          co_window_corner_a, co_window_cross_1, co_window_broadway_b,
          co_window_corner_b, co_window_cross_2, co_window_broadway_b,
          co_window_unsneaky_path_d, co_window_broadway_a,
          co_window_of_opportunity_c, glass_columns_c, glass_columns_b,
          glass_columns_a, glass_columns_c, glass_columns_a,
          shapermc_ecumenical_altar_flowoftime, uniq_sigmund, uniq_natasha

Skill      XL: |  1  2 |
---------------+-------+-----
Axes           | 2 |  2.2
Fighting       | 3 |  3.1
Armour         | 3 |  3.0
Shields        | 3 |  3.1

Action                     || total
---------------------------++-------
  Melee: War axe           ||    68
    Use: Potion            ||     1
 Armour: Scale mail        ||    12
  Dodge: Dodged            ||    22
  Block: Kite shield       ||    16
         Buckler           ||     2
